 Dungeon Crawl Stone Soup version 0.19.5 (webtiles) character file.

2949 thelegendofawesome the Cleaver (level 9, -3/79 HPs)
             Began as a Minotaur Fighter on Mar 8, 2017.
             Was a Believer of the Shining One.
             Slain by an orc knight
             ... wielding a +2 great sword of flaming
              (23 damage)
             ... on level 11 of the Dungeon.
             The game lasted 00:25:20 (4924 turns).

thelegendofawesome the Cleaver (Minotaur Fighter)   Turns: 4924, Time: 00:25:21

Health: -3/79      AC:  8    Str: 24    XL:     9   Next: 51%
Magic:  8/8        EV: 10    Int:  5    God:    the Shining One [**....]
Gold:   273        SH: 11    Dex: 10    Spells: 0 memorised, 8 levels left

rFire  . . .     SeeInvis .     a - +1 war axe
rCold  . . .     Gourm    .     b - +0 scale mail
rNeg   + . .     Faith    .     c - +0 shield
rPois  .         Spirit   .     (helmet restricted)
rElec  .         Reflect  .     (no cloak)
rCorr  .         Harm     .     (no gloves)
MR     .....                    (no boots)
Stlth  ..........               (no amulet)
                                (no ring)
                                (no ring)

@: glowing
A: retaliatory headbutt, horns 2
a: Divine Shield, Renounce Religion


You were on level 11 of the Dungeon.
You worshipped the Shining One.
The Shining One was pleased with you.
You were not hungry.

You visited 2 branches of the dungeon, and saw 13 of its levels.

You collected 273 gold pieces.

Inventory:

Hand Weapons
 a - a +1 war axe (weapon)
 w - a +0 spear of venom
Missiles
 k - 3 tomahawks (quivered)
Armour
 b - a +0 scale mail (worn)
 c - a +0 shield (worn)
 u - the cursed +0 buckler "Azyvacul" {rN+, unknown}
   (You found it on level 5 of the Dungeon)

   It protects you from negative energy.
   It has a curse placed upon it.
 y - a +0 pair of boots
Jewellery
 p - a +4 ring of evasion {unknown}
 q - an uncursed amulet of magic regeneration {unknown}
Wands
 r - a wand of disintegration (13/24)
 x - a wand of digging (9/24)
Scrolls
 e - a scroll of remove curse
 m - 3 scrolls of identify
 n - 2 scrolls of amnesia
 A - a scroll of recharging
Potions
 d - 3 potions of might
 g - 2 potions of ambrosia {unknown}
 h - a potion of resistance
 i - 2 potions of invisibility
 l - a potion of haste {unknown}
 o - 2 potions of curing
 s - 2 potions of flight {unknown}
 t - 2 potions of heal wounds {unknown}
Comestibles
 f - a bread ration
 j - 2 beef jerkies
 v - 2 fruits
 z - a slice of pizza


   Skills:
 + Level 7.3 Fighting
 + Level 10.1 Axes
 + Level 0.8 Throwing
 + Level 7.5 Armour
 + Level 4.2 Dodging
 + Level 0.3 Stealth
 + Level 7.5 Shields


You had 8 spell levels left.
You didn't know any spells.

Dungeon Overview and Level Annotations

Branches:
Dungeon (12/15)            Temple (1/1) D:6            Lair (0/6) D:10
    Orc: D:9-12

Altars:
Ashenzari
Dithmenos
Elyvilon
Fedhas
Kikubaaqudgha
Makhleb
Nemelex Xobeh
Okawaru
Qazlal
Ru
Sif Muna
Trog
Uskayaw
Vehumet
Yredelemnul
Zin
The Shining One

Shops:
D:5 }   D:10 }

Portals:
Labyrinth: D:11


Innate Abilities, Weirdness & Mutations

You reflexively headbutt those who attack you in melee.
You have a pair of horns on your head.


Message History

The orc priest goes into a battle-frenzy!
You hit the orc knight but do no damage.
Your headbutt misses the orc knight.
The orc knight is lightly wounded.
The orc knight hits you with an uncursed great sword of flaming!
The orc knight burns you!
You slash the orc knight! You headbutt the orc knight!
The orc knight is moderately wounded.
The orc priest looks encouraged for a moment.
The orc knight hits you with an uncursed great sword of flaming!!
The orc knight burns you.
* * * LOW HITPOINT WARNING * * *
You hit the orc knight but do no damage.
You headbutt the orc knight.
The orc knight is moderately wounded.
You hit the orc knight but do no damage.
Your headbutt misses the orc knight.
The orc knight is moderately wounded.
The orc knight hits you with an uncursed great sword of flaming!!
You die...

.
##.#.#####
###.#.#
.∩#.#.#
#.#.#
#.#.#
#o#.#
#o#.#
#o#.#
#####@#.#
#....)#.#
#.......#
#.###(#.#
# #####


You could see an orc knight, an orc priest and an orc.

Vanquished Creatures
  An ugly thing (D:11)
  Pikel (D:6)
  A two-headed ogre (D:10)
  A yak (D:10)
  A wyvern (D:8)
  2 water moccasins
  A sky beast (D:8)
  2 bullfrogs
  2 scorpions (D:4)
  4 killer bees (D:8)
  3 howler monkeys
  3 crimson imps
  2 quasits
  3 hounds
  3 orc priests
  A bullfrog skeleton (D:5)
  2 orc wizards
  2 worker ants
  2 hound skeletons
  Robin (D:3)
  10 adders
  5 gnolls
  A howler monkey skeleton (D:4)
  A shadow imp (D:10)
  2 oozes
  3 worms
  A dart slug (D:1)
  3 leopard geckos
  15 orcs
  8 bats
  4 giant cockroaches
  15 goblins
  13 hobgoblins
  8 jackals
  2 quokkas
  A ball python (D:2)
  6 frilled lizards
  6 kobolds
  13 rats
  13 fungi (D:10)
  5 plants
173 creatures vanquished.

Vanquished Creatures (others)
  A sky beast (D:6)
  A slave (D:6)
  A centaur skeleton (D:6)
  An adder skeleton (D:6)
  A quokka (D:6)
5 creatures vanquished.

Grand Total: 178 creatures vanquished

Notes
Turn   | Place    | Note
-------+----------+-------------------------------------------
     0 | D:1      | thelegendofawesome the Minotaur Fighter began the quest for the Orb.
     0 | D:1      | Reached XP level 1. HP: 19/19 MP: 0/0
    93 | D:1      | Reached XP level 2. HP: 27/27 MP: 1/1
   249 | D:2      | Reached XP level 3. HP: 26/33 MP: 2/2
   292 | D:2      | Reached skill level 3 in Axes
   303 | D:2      | Reached XP level 4. HP: 17/41 MP: 3/3
  1368 | D:2      | Reached XP level 5. HP: 44/47 MP: 4/4
  1446 | D:2      | Found a blossoming altar of Fedhas.
  1446 | D:2      | Found a sacrificial altar of Ru.
  1447 | D:2      | Found a glowing golden altar of the Shining One.
  1457 | D:2      | Reached skill level 4 in Axes
  1461 | D:2      | Found a stormy altar of Qazlal.
  1466 | D:2      | Found a bloodstained altar of Trog.
  1489 | D:2      | Reached skill level 5 in Shields
  1491 | D:2      | Reached skill level 1 in Dodging
  1525 | D:2      | Became a worshipper of the Shining One
  1634 | D:3      | Noticed Robin
  1644 | D:3      | Killed Robin
  1646 | D:3      | Found an iron altar of Okawaru.
  1721 | D:4      | Reached skill level 5 in Fighting
  1723 | D:4      | Reached XP level 6. HP: 33/56 MP: 5/5
  1724 | D:4      | Reached skill level 5 in Axes
  2092 | D:5      | Entered Level 5 of the Dungeon
  2339 | D:5      | Got a spiked buckler
  2343 | D:5      | Reached * piety under the Shining One
  2350 | D:5      | Reached skill level 6 in Axes
  2350 | D:5      | Reached XP level 7. HP: 27/61 MP: 6/6
  2585 | D:4      | Found a white marble altar of Elyvilon.
  2630 | D:4      | Found a burning altar of Makhleb.
  3051 | D:5      | Reached skill level 5 in Armour
  3075 | D:6      | Reached skill level 7 in Axes
  3084 | D:6      | Noticed Pikel
  3100 | D:6      | Killed Pikel
  3100 | D:6      | Reached skill level 8 in Axes
  3100 | D:6      | Reached XP level 8. HP: 41/70 MP: 7/7
  3259 | D:5      | Found Vyufruwn's Gadget Boutique.
  3762 | D:6      | Found a staircase to the Ecumenical Temple.
  3768 | Temple   | Entered the Ecumenical Temple
  3974 | D:8      | Reached skill level 9 in Axes
  4256 | D:8      | Found a radiant altar of Vehumet.
  4350 | D:10     | Entered Level 10 of the Dungeon
  4389 | D:10     | Reached ** piety under the Shining One
  4411 | D:10     | Found a staircase to the Lair.
  4443 | D:10     | Reached XP level 9. HP: 63/78 MP: 8/8
  4555 | D:10     | Found Venaphuz's Gadget Emporium.
  4630 | D:11     | Noticed a purple ugly thing
  4646 | D:11     | Killed a purple ugly thing
  4646 | D:11     | Reached skill level 10 in Axes
  4911 | D:11     | Noticed an orc knight
  4916 | D:11     | Found a labyrinth entrance.
  4924 | D:11     | Slain by an orc knight

Skill      XL: |  1  2  3  4  5  6  7  8  9 |
---------------+----------------------------+-----
Shields        | 4 5 6 7 |  7.5
Fighting       | 4 5 6 7 |  7.3
Axes           | 3 4 6 8 9 10 | 10.1
Dodging        | 1 2 3 4 |  4.2
Armour         | 4 5 7 |  7.5
Throwing       | |  0.8
Stealth        | |  0.3

Action                   |  1- 3 |  4- 6 |  7- 9 || total
-------------------------+-------+-------+-------++-------
Melee: War axe           |    37 |   159 |   219 ||   415
       Headbutt          |     4 |    25 |    46 ||    75
Throw: Tomahawk          |       |     6 |     2 ||     8
  Use: Scroll            |       |     7 |       ||     7
       Potion            |       |     1 |     1 ||     2
  Eat: Bread ration      |       |     1 |     1 ||     2
       Meat ration       |       |       |     1 ||     1
       Fruit             |       |       |     2 ||     2
       Pizza             |       |       |     1 ||     1
Armor: Scale mail        |    27 |    65 |    63 ||   155
Dodge: Dodged            |     8 |    63 |    92 ||   163
Block: Shield            |    25 |    95 |   117 ||   237
